AoeStats
← Hobzo von Malowitz

MegaRandom

508951329Analyzed
2v2 RM · 9d ago on Sep 24, 2026· 59m 0s· 4 players
Game mode
Random Map
Map size
Medium (4 player)
Population
200
Speed
Normal
Resources
Standard
Victory
Conquest
Starting age
Dark Age
Ending age
Imperial Age
RankedLock teamsTeams togetherTeam positionsShared explorationLock speedFull tech treeHidden civsTurbo modeCheats
Victory
Defeat
🇪🇸 Muisca · Spain
932
+13
🇪🇸 Danes · Spain
825
+18
🇸🇰 Byzantines · Slovakia
898
-17
🇨🇿 Mongols · Czechia
825
-18
Marecek
6:35 Loom
9:36 Feudal Age
10:06 Double-Bit Axe
10:06 Horse Collar
17:05 Wheelbarrow
21:21 Castle Age
19:18 Gold Mining
19:36 Scale Barding Armor
19:42 Forging
21:43 Stone Mining
22:23 Bow Saw
22:37 Heavy Plow
22:58 Husbandry
23:20 Chain Barding Armor
23:35 Iron Casting
23:43 Padded Archer Armor
23:33 Fletching
27:09 Elite Skirmisher
28:49 Leather Archer Armor
29:36 Gold Shaft Mining
29:36 Stone Shaft Mining
30:08 Bodkin Arrow
30:49 Sanctity
34:04 Thumb Ring
38:38 Imperial Age
39:39 Murder Holes
40:05 Ballistics
40:45 Chemistry
40:12 Conscription
43:01 Elite Cataphract
44:08 Light Cavalry
45:19 Crossbowman
45:49 Arbalester
47:55 Elite Varangian Guard
51:49 Plate Barding Armor
51:15 Scale Mail Armor
51:46 Ring Archer Armor
51:16 Bracer
50:56 Pikeman
Hobzo von Malowitz
4:42 Loom
9:51 Feudal Age
16:16 Double-Bit Axe
16:14 Horse Collar
24:40 Castle Age
23:23 Wheelbarrow
22:33 Town Watch
23:13 Bloodlines
22:57 Fletching
23:07 Padded Archer Armor
27:43 Husbandry
28:40 Forging
29:05 Bow Saw
30:23 Bodkin Arrow
31:04 Iron Casting
30:30 Padded Archer Armor
30:24 Pikeman
31:05 Squires
31:32 Squires
54:20 Thumb Ring
56:14 Stone Mining
Requejo
11:10 Feudal Age
11:57 Double-Bit Axe
15:50 Champi Runner
22:04 Castle Age
22:01 Gold Mining
22:01 Stone Mining
21:57 Horse Collar
22:13 Champi Warrior
22:54 Squires
25:31 Bow Saw
26:02 Gold Shaft Mining
26:03 Stone Shaft Mining
25:29 Heavy Plow
26:25 Forging
26:17 Scale Mail Armor
26:52 Fletching
27:03 Padded Archer Armor
29:32 Leather Archer Armor
31:21 Herbalism
31:45 Ballistics
31:46 Bodkin Arrow
38:11 Imperial Age
36:19 Wheelbarrow
35:30 Town Watch
39:36 Iron Casting
39:17 Chain Mail Armor
39:03 Bracer
40:07 Chemistry
40:36 Hand Cart
40:00 Elite Guecha Warrior
40:51 Elite Champi Warrior
42:22 Conscription
43:15 Plate Mail Armor
47:21 Pikeman
the king chino
11:50 Feudal Age
15:37 Double-Bit Axe
18:18 Castle Age
17:49 Gold Mining
17:52 Stone Mining
18:15 Forging
18:06 Scale Mail Armor
19:40 Fletching
19:52 Padded Archer Armor
19:53 Elite Skirmisher
22:03 Squires
27:02 Wheelbarrow
26:16 Loom
28:24 Iron Casting
28:04 Chain Mail Armor
27:17 Pikeman
38:10 Ballistics
42:42 Scale Barding Armor
47:50 Hamask
53:08 Chain Mail Armor
52:49 Bodkin Arrow
Connection lost

Rejoining the realm…

Still unreachable

The connection could not be restored.

Session expired

The server has moved on; the page needs a fresh start.